 Dungeon Crawl Stone Soup version 0.19.0-24-gb05acd6 (webtiles) character file.

278 shmeve the Skirmisher (level 6, -2/53 HPs)
             Began as a Draconian Berserker on Nov 21, 2016.
             Was a Believer of Trog.
             Slain by GlenndL's ghost (9 damage)
             ... on level 4 of the Dungeon.
             The game lasted 00:05:25 (2976 turns).

shmeve the Skirmisher (Draconian Berserker)         Turns: 2976, Time: 00:05:26

Health: -2/53      AC:  7    Str: 21    XL:     6   Next: 5%
Magic:  6/6        EV: 13    Int:  8    God:    Trog [**....]
Gold:   127        SH:  0    Dex: 10    Spells: 0 memorised, 5 levels left

rFire  . . .     SeeInvis .     a - +0 hand axe
rCold  . . .     Gourm    .     (armour unavailable)
rNeg   . . .     Faith    .     (no shield)
rPois  .         Spirit   .     (helmet restricted)
rElec  .         Reflect  .     g - +0 cloak
rCorr  .         Harm     .     (no gloves)
MR     ++...                    (no boots)
Stlth  ++........               (no amulet)
                                (no ring)
                                (no ring)

@: exhausted, regenerating, slowed, very slow
A: unfitting armour, cold-blooded, AC +6
a: Berserk, Trog's Hand, Burn Spellbooks, Renounce Religion


You were on level 4 of the Dungeon.
You worshipped Trog.
Trog was pleased with you.
You were near starving.

You visited 1 branch of the dungeon, and saw 4 of its levels.

You collected 127 gold pieces.

Inventory:

Hand Weapons
 a - a +0 hand axe (weapon)
Armour
 g - a +0 cloak (worn)
Wands
 m - a wand of lightning (6/15)
Scrolls
 c - 2 scrolls of remove curse
 d - 2 scrolls of teleportation {unknown}
 e - 4 scrolls of identify
 l - a scroll of amnesia {unknown}
 o - 2 scrolls of enchant armour {unknown}
 r - a scroll of blinking {unknown}
Potions
 f - a potion of invisibility {unknown}
 h - a potion of agility
 i - a potion of cure mutation {unknown}
 j - a potion of magic {unknown}
 k - a potion of brilliance {unknown}
 p - a potion of degeneration {unknown}
 t - 2 potions of lignification {unknown}
Comestibles
 b - 7 bread rations
 n - 2 meat rations
 s - a chunk of flesh


   Skills:
 * Level 4.6 Fighting
 * Level 4.5 Axes
 * Level 4.0 Dodging
 + Level 2.1 Stealth


You had 5 spell levels left.
You didn't know any spells.

Dungeon Overview and Level Annotations

Branches:
Dungeon (4/15)
 Temple: D:4-7

Altars:
Cheibriados
Nemelex Xobeh
Qazlal
Vehumet
The Shining One

Annotations:
D:4 GlenndL's ghost, novice TrBe


Innate Abilities, Weirdness & Mutations

Your plain brown scales are hard. (AC +6)
You cannot fit into any form of body armour.
You are cold-blooded and may be slowed by cold attacks.


Message History

You feel resistant to hostile enchantments.
You are near starving!
GlenndL's ghost whispers, "Soon you will have time, lots of time..."
GlenndL's ghost barely misses you.
You hit GlenndL's ghost but do no damage.
GlenndL's ghost is almost destroyed.
GlenndL's ghost closely misses you. x2
You hit GlenndL's ghost but do no damage.
You tail-slap GlenndL's ghost, but do no damage.
GlenndL's ghost is almost destroyed.
GlenndL's ghost hits you!
* * * LOW HITPOINT WARNING * * *
GlenndL's ghost completely misses you.
You barely miss GlenndL's ghost.
GlenndL's ghost is almost destroyed.
GlenndL's ghost misses you.
You completely miss GlenndL's ghost.
GlenndL's ghost is almost destroyed.
GlenndL's ghost hits you!
You die...

#.#.#.# ##...## ##..#.## #
..#=# ##.....## ###.## ..##.##
##.......## ##.#.#
#..#...####.........####....###
#.........'.........+..........
##.....####.........####...#.##
#....## ##.....$.## ##.##.#
##.### ##.....## ####.# #.
##@..## #.# #. #.W.....!# #.#
#<##.###.# #.# ... .# # #.# ###
.# .. .. ..#


You could see GlenndL's ghost.

Vanquished Creatures
  The ghost of Morgon the Slasher, an amateur DsMo of Ashenzari (D:3)
  A hound (D:4)
  An orc priest (D:3)
  8 adders
  A worm (D:2)
  2 dart slugs
  A leopard gecko (D:2)
  4 orcs (D:3)
  4 bats
  2 giant cockroaches
  3 goblins
  9 hobgoblins
  3 jackals (D:3)
  6 kobolds
  3 quokkas (D:3)
  2 ball pythons (D:3)
  4 frilled lizards
  4 rats
59 creatures vanquished.

Notes
Turn   | Place    | Note
-------+----------+-------------------------------------------
     0 | D:1      | shmeve the Draconian Berserker began the quest for the Orb.
     0 | D:1      | Reached XP level 1. HP: 19/19 MP: 1/1
   190 | D:1      | Reached XP level 2. HP: 17/26 MP: 2/2
   377 | D:1      | You fall through a shaft!
   733 | D:2      | Reached XP level 3. HP: 28/33 MP: 3/3
   772 | D:2      | Found a stormy altar of Qazlal.
  1404 | D:2      | Found a snail-covered altar of Cheibriados.
  1406 | D:2      | Found a sparkling altar of Nemelex Xobeh.
  1632 | D:2      | Reached skill level 1 in Stealth
  1632 | D:2      | Reached XP level 4. HP: 32/40 MP: 4/4
  1740 | D:3      | Reached ** piety under Trog
  1821 | D:3      | Noticed Morgon's ghost (amateur DsMo)
  1838 | D:3      | HP: 2/40 [Morgon's ghost (6)]
  1851 | D:3      | Killed Morgon's ghost
  1851 | D:3      | Reached XP level 5. HP: 15/47 MP: 5/5
  2156 | D:3      | Found a radiant altar of Vehumet.
  2282 | D:3      | Found a glowing golden altar of the Shining One.
  2775 | D:4      | Reached XP level 6. HP: 42/53 MP: 6/6
  2947 | D:4      | Noticed GlenndL's ghost (novice TrBe)
  2976 | D:4      | Slain by GlenndL's ghost

Skill      XL: |  1  2  3  4  5 |
---------------+----------------+-----
Dodging        | 3 4 |  4.0
Stealth        | 1 2 |  2.1
Fighting       | 4 |  4.6
Axes           | 4 |  4.5

Action                   |  1- 3 |  4- 6 || total
-------------------------+-------+-------++-------
Melee: Hand axe          |   108 |   125 ||   233
       Tailslap          |    12 |    16 ||    28
Invok: Berserk           |       |     3 ||     3
       Trog's Hand       |       |     3 ||     3
       Burn Spellbooks   |       |     2 ||     2
  Use: Scroll            |       |     2 ||     2
 Stab: Sleeping          |       |     1 ||     1
  Eat: Chunk             |     2 |     7 ||     9
Armor: Skin              |    28 |    48 ||    76
Dodge: Dodged            |    63 |   120 ||   183
